 Dungeon Crawl Stone Soup version 0.21.1-1-g345015fe64 (webtiles) character file.

757 Gargoyl the Agent of Entropy (level 7, -2/58 HPs)
             Began as a Centaur Abyssal Knight on June 19, 2018.
             Was a Priest of Lugonu.
             Slain by an ogre
             ... wielding a +0 giant club
              (8 damage)
             ... on level 5 of the Dungeon.
             The game lasted 00:08:47 (6322 turns).

Gargoyl the Agent of Entropy (CeAK)                 Turns: 6322, Time: 00:08:48

Health: -2/58      AC: 15    Str: 14    XL:     7   Next: 50%
Magic:  10/10      EV:  1    Int: 11    God:    Lugonu [***...]
Gold:   343        SH:  3    Dex: 11    Spells: 6/6 levels left

rFire    . . .     SeeInvis .   a - +1 hand axe
rCold    . . .     Gourm    .   d - +0 buckler
rNeg     . . .     Faith    .   g - +3 plate armour
rPois    .         Spirit   .   (no helmet)
rElec    .         Reflect  .   o - +0 cloak
rCorr    .         Harm     .   l - +0 pair of gloves
MR       .....                  (no barding)
Stlth    ..........             (no amulet)
HPRegen  0.19/turn              (no ring)
MPRegen  0.12/turn              (no ring)

@: very quick
A: large, hooves 3, deformed body, speed 2, tough skin 3
a: Depart the Abyss, Bend Space, Banish, Renounce Religion


You were on level 5 of the Dungeon.
You worshipped Lugonu.
Lugonu was most pleased with you.
You were not hungry.

You visited 1 branch of the dungeon, and saw 5 of its levels.
You visited the Abyss 1 time.
You also visited: Sewer.

You collected 343 gold pieces.

Inventory:

Hand Weapons
 a - a +1 hand axe (weapon)
Armour
 d - a +0 buckler (worn)
 g - a +3 plate armour (worn)
 l - a +0 pair of gloves (worn)
 o - a +0 cloak (worn)
Wands
 k - a wand of random effects (14)
Scrolls
 f - 3 scrolls of remove curse
 i - 2 scrolls of fear
 p - 2 scrolls of identify
 s - a scroll of teleportation
Potions
 b - 3 potions of might
 e - a potion of brilliance {unknown}
 h - 2 potions of haste
 j - a potion of lignification
 m - a potion of curing
 q - a potion of magic {unknown}
 r - a potion of flight {unknown}
Comestibles
 c - 7 rations


   Skills:
 + Level 3.8 Fighting
 + Level 4.1 Axes
 * Level 4.1 Armour
 + Level 0.7 Dodging
 + Level 1.0 Shields
 * Level 4.7 Invocations


You had 6 spell levels left.
You didn't know any spells.

Dungeon Overview and Level Annotations

Branches:
Dungeon (5/15)             Temple (0/1) D:4

Altars:
Fedhas
Gozag
Kikubaaqudgha
Sif Muna
Uskayaw
Yredelemnul


Innate Abilities, Weirdness & Mutations

You have hooves in place of feet.
Armour fits poorly on your strangely shaped body.
You cover ground very quickly.
You have extremely tough skin. (AC +3)


Message History

Found a robe.
Aiming: Random Effects
Press: ? - help, Shift-Dir - straight line Nothing appears to happen.
Found a scale mail.
You feel much better. Something hits you!
You hit something but do no damage. Something hits you but does no damage.
Aiming: Random Effects
Press: ? - help, Shift-Dir - straight line The puff of flame hits something.
Something hits you! x2
Your magical contamination has completely faded away.
Aiming: Random Effects
Press: ? - help, Shift-Dir - straight line Nothing appears to happen.
Something hits you!
* * * LOW HITPOINT WARNING * * *
Unknown command.
Press: ? - help, Shift-Dir - straight line, f - scorpion
Aim: a scorpion (chance to defeat MR: 83%)
You fail to use your ability.
Something hits you!
You die...

# ....
####.#####.#
......)....#######
####.........s...#
##.##########.# #.
#.# #. #s# #.
#{####### ..
#@[...... ..
#########


You could see a scorpion.

Vanquished Creatures
  Sigmund (D:2)
  A phantom (D:4)
  An ogre (D:4)
  3 orc priests
  Jessica (D:3)
  An iguana (D:4)
  An orc wizard (D:3)
  Natasha (thrice) (D:2)
  A hound skeleton (D:4)
  5 adders
  5 dart slugs (D:1)
  8 leopard geckos (D:3)
  7 orcs
  2 giant cockroaches (D:3)
  8 goblins
  9 hobgoblins
  8 jackals
  4 quokkas
  5 ball pythons (Sewer)
  5 bats
  5 frilled lizards
  12 kobolds
  8 rats
  2 plants (Sewer)
106 creatures vanquished.

Vanquished Creatures (others)
  The ghost of Lokiki the Skirmisher, a weakling DsCK of Xom (D:3)
  A plant (Sewer)
  4 toadstools (D:1)
6 creatures vanquished.

Grand Total: 112 creatures vanquished

Notes
Turn   | Place    | Note
-------+----------+-------------------------------------------
     0 | Abyss:1  | Gargoyl the Centaur Abyssal Knight began the quest for the Orb.
     0 | Abyss:1  | Reached XP level 1. HP: 19/19 MP: 2/2
   170 | Abyss:1  | Noticed a large abomination
   180 | Abyss:1  | Found a corrupted altar of Lugonu.
   245 | Abyss:2  | Noticed an iron imp
   249 | Abyss:2  | Noticed a death knight
   253 | D:1      | Escaped the Abyss
   556 | D:1      | Reached * piety under Lugonu
   595 | D:1      | Reached XP level 2. HP: 26/26 MP: 3/3
  1093 | D:1      | Reached XP level 3. HP: 28/31 MP: 5/5
  1527 | D:2      | Found a basalt altar of Yredelemnul.
  1544 | D:2      | Noticed Natasha
  1584 | D:3      | Reached ** piety under Lugonu
  1795 | D:3      | Found a glowing drain.
  1805 | Sewer    | Entered a sewer
  1977 | Sewer    | Reached XP level 4. HP: 38/38 MP: 6/6
  2734 | D:3      | HP: 1/38 [orc priest/divine providence (9)]
  2738 | D:3      | Reached XP level 5. HP: 2/45 MP: 7/7
  3059 | D:3      | Noticed Jessica
  3144 | D:2      | Killed Natasha
  3163 | D:2      | Noticed Natasha
  3170 | D:2      | Killed Natasha
  3218 | D:2      | Noticed Sigmund
  3237 | D:2      | Killed Sigmund
  3237 | D:2      | Reached XP level 6. HP: 9/51 MP: 7/9
  3324 | D:2      | Noticed Natasha
  3333 | D:2      | Killed Natasha
  3759 | D:2      | Found a hide-covered altar of Uskayaw.
  3760 | D:2      | Found a blossoming altar of Fedhas.
  3804 | D:3      | Killed Jessica
  4037 | D:3      | Reached *** piety under Lugonu
  4667 | D:3      | Found a deep blue altar of Sif Muna.
  4668 | D:3      | Found an opulent altar of Gozag.
  4839 | D:3      | Noticed Lokiki's ghost (weakling DsCK)
  4848 | D:3      | Banished Lokiki's ghost
  4848 | D:3      | Reached XP level 7. HP: 48/58 MP: 10/10
  5494 | D:4      | Found a staircase to the Ecumenical Temple.
  5548 | D:4      | Found an ancient bone altar of Kikubaaqudgha.
  5566 | D:4      | Reached skill level 1 in Shields
  6267 | D:5      | Entered Level 5 of the Dungeon
  6322 | D:5      | Slain by an ogre

Skill      XL: |  1  2  3  4  5  6  7 |
---------------+----------------------+-----
Armour         | 2 3 4 |  4.1
Axes           | 2 3 4 |  4.1
Invocations    | 3 4 |  4.7
Shields        | 1 |  1.0
Fighting       | |  3.8
Dodging        | |  0.7

Action                   |  1- 3 |  4- 6 |  7- 9 || total
-------------------------+-------+-------+-------++-------
Melee: Hand axe          |   119 |   196 |    94 ||   409
       Kick              |    21 |    45 |    17 ||    83
Invok: Depart the Abyss  |     1 |       |       ||     1
       Banish            |       |       |     1 ||     1
Evoke: Wand              |       |       |     4 ||     4
  Use: Scroll            |     5 |     1 |     1 ||     7
       Potion            |     1 |     7 |     1 ||     9
  Eat: Chunk             |     2 |     8 |       ||    10
       Ration            |       |       |     2 ||     2
Armor: Leather armour    |    21 |       |       ||    21
       Plate armour      |    40 |   184 |    67 ||   291
Dodge: Dodged            |    33 |     7 |     5 ||    45
Block: Buckler           |    10 |    31 |    12 ||    53
